Cogmind - Beta 13 @@@ ROGUE MODE // 2024.04.16 @ 20:24:25 Player: Olafz Result: Destroyed by D-53 Grenadier with Mini Grenade Launcher Performance ------------- Evolutions (0) 0 Regions Visited (4) 800 Robots Destroyed (12) 60 Value Destroyed (247) 247 Prototype IDs (25) 500 Alien Tech Used (0) 0 Bonus (265) 265 TOTAL SCORE: 1872 Bonus ------- Aligned with FarCom 300 Friendly Fire -35 Cogmind --------- Core Integrity 0/250 Matter 113/300 Energy 100/100 System Corruption 4% Temperature Cool (0) Movement Walking (190) Ox1 Location -9/Mines Parts ------- > --- POWER (1) -------- (None) > --- PROPULSION (2) --- Aluminum Leg > --- UTILITY (2) ------ Large Storage Unit > --- WEAPON (2) ------- (None) > --- INVENTORY (15) --- Small Storage Unit Medium Storage Unit Utility Shielding Light Assault Rifle Light Assault Rifle Light Assault Rifle AWS/Autocannon Peak State ------------ > --- POWER ------------ Ion Engine > --- PROPULSION ------- Aluminum Leg Aluminum Leg > --- UTILITY ---------- Large Storage Unit Seismic Detector > --- WEAPON ----------- Assault Rifle Light Assault Rifle > --- INVENTORY -------- Aluminum Leg Small Storage Unit Medium Storage Unit Utility Shielding Light Assault Rifle Light Assault Rifle AWS/Autocannon Grenade Launcher [Rating: 10] Favorites ----------- Power Ion Engine Engine Ion Engine Propulsion Aluminum Leg Leg Aluminum Leg Utility Large Storage Unit Device Seismic Detector Storage Large Storage Unit Protection Utility Shielding Weapon Assault Rifle Energy Gun Small Laser Ballistic Gun Assault Rifle Launcher Grenade Launcher Build | -11 -10 -10 -10 -9 ------- Run | Yrd Mat Min Exi Min Slots Evolved . | . . . . . Power . | . . . . . Propulsion . | . . . . . Utility . | . . . . . Weapon . | . . . . . Parts Attached 11 | . 7 2 1 1 Power 2 | . 1 1 . . Engine 2 | . 1 1 . . Core . | . . . . . Reactor . | . . . . . Propulsion 3 | . 1 1 . 1 Treads . | . . . . . Leg 3 | . 1 1 . 1 Wheel . | . . . . . Hover . | . . . . . Flight . | . . . . . Utility 4 | . 4 . . . Device 1 | . 1 . . . Storage 2 | . 2 . . . Processor . | . . . . . Hackware . | . . . . . Protection 1 | . 1 . . . Artifact . | . . . . . Weapon 2 | . 1 . 1 . Energy Gun . | . . . . . Energy Cannon . | . . . . . Ballistic Gun 1 | . 1 . . . Ballistic Cannon . | . . . . . Launcher 1 | . . . 1 . Special Weapon . | . . . . . Impact Weapon . | . . . . . Slashing Weapon . | . . . . . Piercing Weapon . | . . . . . Special Melee Weapon . | . . . . . Unidentified Prototypes . | . . . . . Parts Lost 7 | . 1 . . 6 Power 2 | . 1 . . 1 Propulsion 2 | . . . . 2 Utility 1 | . . . . 1 Weapon 2 | . . . . 2 Highest Loss Streak 6 | . 1 . . 6 To Critical Strikes . | . . . . . Average Slot Usage (%) 95 | . 88 98 100 96 Engine 12 | . 10 12 14 14 Leg 27 | . 28 27 28 26 Device 9 | . . 14 14 12 Storage 16 | . 20 14 14 14 Energy Gun 1 | . 5 . . . Ballistic Gun 24 | . 22 28 27 14 Launcher 1 | . . . . 12 Naked Turns . | . . . . . Heaviest Build 33 | 11 33 29 31 31 Greatest Support 20 | 20 20 20 20 20 Greatest Overweight (x) 2 | . 1 1 1 2 Average Overweight (x) . | . . 1 1 1 Largest Inventory Capacity 15 | 8 15 15 15 15 Average Capacity 13 | 8 10 15 15 15 Most Carried 10 | 6 9 9 10 10 Average Carried 7 | 6 6 7 8 9 Final Capacity 15 | 8 15 15 15 15 Final Carried 10 | 6 9 7 10 9 Class Distribution -------------------- 100% | Mutant Dominant Class ---------------- Mutant | -10/Materials Mutant | -10/Mines Mutant | -10/Exiles Mutant | -9/Mines Resources | -11 -10 -10 -10 -9 ----------- Run | Yrd Mat Min Exi Min Matter Collected 331 | 200 79 52 . . Remotely . | . . . . . Salvage Created 421 | . 318 47 . 56 Parts 26 | . 18 7 . 1 Haulers Intercepted 1 | . 1 . . . Recyclers Shooed . | . . . . . Parts Field Recycled . | . . . . . Retrieved Matter . | . . . . . Parts Self-Destructed . | . . . . . Prevented . | . . . . . Kills | -11 -10 -10 -10 -9 ------- Run | Yrd Mat Min Exi Min Combat Hostiles Destroyed 23 | . 5 3 . 15 Guns 9 | . 5 3 . 1 AOE 14 | . . . . 14 Classes Destroyed 7 | . 4 1 . 2 Hauler 1 | . 1 . . . Operator 1 | . 1 . . . Watcher 1 | . 1 . . . Swarmer 3 | . . 3 . . Grunt 5 | . 5 . . . Zionite 1 | . . . . 1 Assembled 15 | . . . . 15 Best Kill Streak 15 | . 3 3 . 15 Combat Bots Only 15 | . 3 3 . 15 Max Kills in Single Turn 5 | . 1 1 . 5 Gunslinging . | . . . . . Exploded 5 | . . . . 5 Melee . | . . . . . Uniques/NPCs Destroyed . | . . . . . Combat | -11 -10 -10 -10 -9 -------- Run | Yrd Mat Min Exi Min Hostile Shots Fired 87 | . 29 13 . 45 Missed 20 | . 5 2 . 13 Damage Taken 991 | . 279 89 . 623 Core 254 | . 11 19 . 224 Absorbed by Shields . | . . . . . Core Remaining (%) 100 | 100 . . . . Volleys Fired 38 | . 19 5 . 14 Largest 2 | . 2 2 . 2 Hottest 60 | . 60 40 . 50 Shots Fired 70 | . 38 11 . 21 Gun 63 | . 38 11 . 14 Cannon . | . . . . . Launcher 7 | . . . . 7 Special . | . . . . . Kinetic 54 | . 29 11 . 14 Thermal 9 | . 9 . . . Explosive 7 | . . . . 7 Electromagnetic . | . . . . . Robot Hit Streak 10 | . 10 3 . 3 Robot Miss Streak 3 | . 3 1 . 3 Penetration Max . | . . . . . Secondary Targets 2 | . 1 1 . . Max Gunslinging Chain 1 | . 1 1 . . Shots Hit Robots 41 | . 23 6 . 12 Core Hits 58 | . 17 3 . 38 Critical Kills 1 | . 1 . . . Critical Parts Destroyed 1 | . . . . 1 Critical Strikes 2 | . 1 . . 1 Destroy 2 | . 1 . . 1 Melee Attacks . | . . . . . Impact . | . . . . . Slashing . | . . . . . Piercing . | . . . . . Sneak Attacks . | . . . . . Combat Hostiles . | . . . . . Follow-up Attacks . | . . . . . Damage Inflicted 1287 | . 269 82 . 936 Guns 433 | . 267 82 . 84 Cannons . | . . . . . Explosions 852 | . . . . 852 Melee . | . . . . . Ramming 2 | . 2 . . . Kinetic 366 | . 200 82 . 84 Thermal 67 | . 67 . . . Explosive 852 | . . . . 852 Electromagnetic . | . . . . . Impact . | . . . . . Slashing . | . . . . . Piercing . | . . . . . Highest Corruption 4 | . 4 4 4 4 Average Corruption 3 | . 3 4 4 4 Corruption Purged . | . . . . . Corruption Blocked . | . . . . . Effects 30 | . 6 11 11 2 Message Errors 9 | . 3 2 3 1 Matter Fused 8 | . 1 4 2 1 Heat Flow Errors 2 | . . 1 1 . Energy Discharges 3 | . 1 . 2 . Parts Rejected 1 | . . 1 . . Data Loss (minor) 3 | . 1 . 2 . Data Loss (major) 1 | . . . 1 . Misfires 2 | . . 2 . . Weapon Failures 1 | . . 1 . . Overload Shots . | . . . . . Overflow Damage 31 | . . . . 31 Projectiles . | . . . . . Explosions 31 | . . . . 31 Melee . | . . . . . Knockbacks . | . . . . . Impact . | . . . . . Kinetic . | . . . . . Secondary . | . . . . . Self-Inflicted Damage . | . . . . . Shots . | . . . . . Rammed . | . . . . . Targets Rammed 2 | . 2 . . . Kicked 2 | . 2 . . . Crushed . | . . . . . Highest Temperature 167 | . 90 167 155 16 Average Temperature 56 | . 44 91 79 10 Received Heat Transfer 179 | . 159 . . 20 Siege Activations . | . . . . . Robots Corrupted . | . . . . . Combat Hostiles . | . . . . . Parts Fried . | . . . . . Impact Corruptions . | . . . . . Robots Melted . | . . . . . Combat Hostiles . | . . . . . Parts Melted . | . . . . . Heat Transferred 150 | . 150 . . . Parts Sabotaged . | . . . . . Parts Stolen . | . . . . . Parts Stripped . | . . . . . Power Chain Reactions . | . . . . . Alert | -11 -10 -10 -10 -9 ------- Run | Yrd Mat Min Exi Min Peak Influence 190 | . 190 70 . 24 Initial . | . . . . . Average 74 | . 99 67 . 6 Maximum Alert Level . | . . . . . Low Security (%) 100 | 100 100 100 . 100 Level 1 . | . . . . . Level 2 . | . . . . . Level 3 . | . . . . . Level 4 . | . . . . . Level 5 . | . . . . . High Security . | . . . . . Max Security . | . . . . . Squads Dispatched 1 | . 1 . . . Investigation 1 | . 1 . . . Extermination . | . . . . . Reinforcement . | . . . . . Assault . | . . . . . Garrison . | . . . . . Intercept . | . . . . . Searches Triggered . | . . . . . Construction Impeded . | . . . . . Haulers Reinforced . | . . . . . Active Scanning Responses . | . . . . . Cargo Convoy Interrupts . | . . . . . Stealth | -11 -10 -10 -10 -9 --------- Run | Yrd Mat Min Exi Min Distress Signals . | . . . . . Communications Jammed . | . . . . . Distress Signals . | . . . . . Times Spotted 31 | . 8 3 . 20 Peak Tracking Total 15 | . 3 3 . 15 Tactical Retreats . | . . . . . Traps | -11 -10 -10 -10 -9 ------- Run | Yrd Mat Min Exi Min Traps Triggered 2 | . 2 . . . Indirectly . | . . . . . Trap Hack Attempts . | . . . . . Triggered . | . . . . . Disarmed . | . . . . . Reprogrammed . | . . . . . Reused . | . . . . . Traps Extracted . | . . . . . Installed . | . . . . . Triggered . | . . . . . Machines | -11 -10 -10 -10 -9 ---------- Run | Yrd Mat Min Exi Min Machines Disabled . | . . . . . Max in Single Turn . | . . . . . Machines Repaired . | . . . . . Machines Dismantled . | . . . . . Machines Sabotaged . | . . . . . Overloaded Fab Kills . | . . . . . Hacking | -11 -10 -10 -10 -9 --------- Run | Yrd Mat Min Exi Min Machines Accessed 3 | . 2 . 1 . Terminals 2 | . 2 . . . Fabricators . | . . . . . Repair Stations . | . . . . . Recycling Units . | . . . . . Scanalyzers . | . . . . . Garrison Access . | . . . . . Total Hacks 10 | . 9 . 1 . Successful 5 | . 4 . 1 . Failed 5 | . 5 . . . Catastrophic 3 | . 3 . . . Database Lockouts . | . . . . . Manual 10 | . 9 . 1 . Terminals 9 | . 9 . . . Fabricators . | . . . . . Repair Stations . | . . . . . Recycling Units . | . . . . . Scanalyzers . | . . . . . Garrison Access . | . . . . . Terminal Hacks 3 | . 2 . 1 . Prototype ID Bank 1 | . 1 . . . Branch Access Points 1 | . 1 . . . Derelict Proto ID Bank 1 | . . . 1 . Fabricator Hacks . | . . . . . Repair Station Hacks . | . . . . . Recycling Unit Hacks . | . . . . . Scanalyzer . | . . . . . Garrison Access Hacks . | . . . . . Unauthorized Hacks 2 | . 2 . . . Terminals 2 | . 2 . . . Botnet 2 | . 2 . . . Fabricators . | . . . . . Repair Stations . | . . . . . Recycling Units . | . . . . . Scanalyzers . | . . . . . Garrison Access . | . . . . . Data Cores Recovered 1 | . 1 . . . Used 1 | . 1 . . . Hacking Detections 2 | . 2 . . . Full Trace Events 2 | . 2 . . . Feedback Events . | . . . . . Feedback Blocked . | . . . . . Robot Schematics Acquired . | . . . . . Robots Built . | . . . . . Authchips . | . . . . . Time . | . . . . . Total Robot Build Rating . | . . . . . Part Schematics Acquired . | . . . . . Parts Built . | . . . . . Authchips . | . . . . . Time . | . . . . . Total Part Build Rating . | . . . . . Parts Repaired . | . . . . . Time . | . . . . . Parts Recycled . | . . . . . Recycled Matter . | . . . . . Retrieved Matter . | . . . . . Retrieved Components . | . . . . . Parts Scanalyzed . | . . . . . Part Schematics Acquired . | . . . . . Parts Damaged . | . . . . . Bothacking | -11 -10 -10 -10 -9 ------------ Run | Yrd Mat Min Exi Min Used RIF Installer . | . . . . . Robots Hacked . | . . . . . Non-combat . | . . . . . Combat . | . . . . . Robot Hacks Applied . | . . . . . Relay Couplers Released . | . . . . . Fabnet Peak Effective % . | . . . . . Robots Rewired . | . . . . . Allies Hacked . | . . . . . Hacks Repelled . | . . . . . Allies | -11 -10 -10 -10 -9 -------- Run | Yrd Mat Min Exi Min Total Allies . | . . . . . Largest Group . | . . . . . Highest-Rated Group . | . . . . . Highest-Rated Ally . | . . . . . Total Orders . | . . . . . Ally Attacks . | . . . . . Total Damage . | . . . . . Kills . | . . . . . Allies Corrupted . | . . . . . Allies Melted . | . . . . . Intel | -11 -10 -10 -10 -9 ------- Run | Yrd Mat Min Exi Min Robot Analysis Total . | . . . . . Derelict Logs Recovered 1 | . . . . 1 Drone Launches . | . . . . . Drone Recoveries . | . . . . . Exploration | -11 -10 -10 -10 -9 ------------- Run | Yrd Mat Min Exi Min Turns Passed 1342 | 3 454 335 419 131 Spaces Moved 679 | 3 251 156 220 49 Core . | . . . . . Treads . | . . . . . Legs 679 | 3 251 156 220 49 Wheels . | . . . . . Hover . | . . . . . Flight . | . . . . . Fastest Speed 120 | 120 120 190 190 190 Average Speed 175 | 120 150 190 190 191 Slowest Speed 260 | 120 190 190 190 260 Overloaded Moves . | . . . . . Propulsion Burnouts . | . . . . . Robots Hopped . | . . . . . Cave-ins Triggered . | . . . . . Exploration Rate (%) 33 | 2 54 26 61 25 Regions Visited 4 Branch Regions 3 Pre-discovered Areas . | . . . . . Known Exits Taken 1 | . 1 . . . Unknown Exits Taken 3 | 1 . 1 1 . Scrap Searched . | . . . . . Spaces Dug . | . . . . . Terrain Destroyed 27 | . . . . 27 Melee . | . . . . . Projectile . | . . . . . AOE 27 | . . . . 27 Terrain Rammed . | . . . . . Walls Destroyed . | . . . . . Machines Disabled . | . . . . . Actions | -11 -10 -10 -10 -9 --------- Run | Yrd Mat Min Exi Min Total 769 | 2 294 186 222 65 Wait 25 | . . 24 . 1 Move 675 | 2 250 155 219 49 Hop . | . . . . . Pick Up 6 | . 5 . 1 . Fast Attach 4 | . 4 . . . Attach 4 | . . 2 1 1 Detach 4 | . 3 . 1 . Swap 3 | . 3 . . . Drop 8 | . 8 . . . Fire 38 | . 19 5 . 14 Melee . | . . . . . Ram . | . . . . . Kick 2 | . 2 . . . Crush . | . . . . . Escape Stasis . | . . . . . Rewire . | . . . . . Trap . | . . . . . Miscellaneous . | . . . . . Route ------- -11/Scrapyard -10/Materials (discovered 4 exits: [*Mat x2] / *Min x2) -10/Mines -10/Exiles -9/Mines History --------- Turn | Location | Event 1 | -11/Scrapyard | Discovered new exit (range 2) 4 | -11/Scrapyard | Entered Materials 37 | -10/Materials | Identified exit to Mines 163 | -10/Materials | Discovered new exit (range 13) 301 | -10/Materials | Build established: Mutant 345 | -10/Materials | Discovered new exit (range 13) 458 | -10/Materials | Entered Mines 783 | -10/Mines | Deemed a non-threat by the Exiles lab entrance 785 | -10/Mines | Discovered new exit (range 5) 793 | -10/Mines | Entered Exiles 839 | -10/Exiles | Met 8R-AWN 871 | -10/Exiles | Met EX-HEX 928 | -10/Exiles | Met EX-BIN 951 | -10/Exiles | Aligned with FarCom system 953 | -10/Exiles | Given EX-Vault access code 999 | -10/Exiles | Opened EX-Vault 1033 | -10/Exiles | Found AWS/Autocannon 1072 | -10/Exiles | Warned to stay clear of 0b10 Research branches 1077 | -10/Exiles | Exiles lab attacked by MAIN.C 1195 | -10/Exiles | Discovered new exit (range 10) 1212 | -10/Exiles | Left Exiles lab with AWS/Autocannon 1212 | -10/Exiles | Entered Mines 1247 | -9/Mines | Learned Materials emergency access door positions 1285 | -9/Mines | Assembled infested the area 1327 | -9/Mines | Destroyed 15 combat bots 1338 | -9/Mines | Core integrity fell below 50% 1343 | -9/Mines | Core integrity fell below 20% 1343 | -9/Mines | Destroyed by D-53 Grenadier with Mini Grenade Launcher Last Messages --------------- as-77375 destroyed. as-91310 destroyed. J5-HVA destroyed. as-70418 destroyed. as-79904 destroyed. [Achievement: Exterminator] as-56799 suffers critical hit (Destroy). Destroyed Asb. Hover Unit. Aluminum Leg destroyed. System corrupted: Matter fused (-6). as-33067 destroyed. as-56799 destroyed. The unstable cave ceiling collapses. as-81435 destroyed. The unstable cave ceiling collapses. Grenade Launcher destroyed. Aluminum Leg destroyed. Seismic Detector destroyed. Assault Rifle destroyed. Ion Engine destroyed. Map ----- +----------------------------------------------------+ | ??????????# #?# ##?????????????? | | ?????????## ## #?????????????? | | ?????????# #?# #?????????????? | | ?????????# ### ###????????????? | | ?????????## ## ??? ???????? | | ??????????#### ? ???????? | | ??????????##### """ #### ??????? | | ??????????# """ ?????? | | ??????????# """ ?????????? | | ???????# ###### ## ????????????? | | ???????# ?????## ##???????????????? | | ????????####???????# ##????????????????? | | ???????????????????# ##?????????????????? | | ???????????????????# ##??????????????????? | | ???????????????????# #???????????????????? | | ???????????????????# #???????????????????? | | ???????????????##### #???????????????????? | | ???????????????# #???????????????????? | | ???????????????# #???????????????????? | | ????#??????????# #####???????????????????? | | ????# ####### #####???????????????????? | | ???? ^ # # ##??????????????????? | | ??? # #??????????????????? | | ??????????# ^^ ##?????????????????? | | ??????????# ##????????????????? | | ????????# ## @ ##???????????????? | | ????????# ^ ##??????????????? | | ????????### #??????????????? | | ?????????# # #??????????????? | | ?????????# # #??????????????? | | ?????????# ## d ##?????????????? | | ?????????## ?## #??????? =%#??? | | ??????????## d ## [#??? | | ???????????## #### s* #?? | | ????????????# #???### #?? | | ????????????# ??????#### # #?? | | ????????????## #?????????? # # #?? | | ?????????????####??????????? #? % ###?? | | ???????????????????????????? #?? ###???? | | ??????????????????????sss????#??? #????? | | ?????????????????????????????????? #????? | | ???????????????????????????????????###????? | | ??????????????????????????????????????????? | | ??????????????????????????????????????????? | | ??????????????????????????????????????????? | | ??????????????????????????????????????????? | | ??????????????????????????????????????????? | | ??????????????????????????????????????????? | | ??????????????????????????????????????????? | | ??????????????????????????????????????????? | +----------------------------------------------------+ Best States ------------- Heat Dissipation 25 Energy Generation 10 Energy Capacity 250 Matter Stores 300 Matter Capacity 300 Sight Range 16 Terrain Scan Density 10 Utility Shielding 33 Evasion (%) 55 Item Schematics ----------------- None Robot Schematics ------------------ None Fabricated ------------ Nothing Alien Tech Used ----------------- None Achievements -------------- Exterminator Challenges ------------ None Game ------ Seed CarbideNodeComputer Manual? 0 Play Time 00:10:38 Cumulative 63.4 hours Start 2024.04.16 @ 20:14:30 End 2024.04.16 @ 20:24:25 Sessions 1 Manual Loads 0 Difficulty Rogue Special Mode None Game No. 139 Rogue 137 Adventurer 2 Explorer 0 Win Type - Total 0 Types 0/0/0/0/0/0/0/0/0 Lore% 40 Gallery% 45 Achievement% 34 Wizard Run 0 Options --------- Layout 0 ASCII 0 Keyboard 1 Movement Numpad Keybinds 1 Fullscreen 2 Font 18/SmallcapsGlow Map View 76x50 Zoom Use 0% Tactical HUD 0 Map Filters NONE Filters NONE Steam 1 RUN: 7b251aac-5b1c-48f6-ae06-0e037ea67e04